 Dungeon Crawl Stone Soup version 0.17-a0-1430-g49fde19 (webtiles) character file.

164154 ninjanymous the Slicer (level 17, -17/117 HPs)
             Began as a Vampire Enchanter on June 24, 2015.
             Was the Champion of Dithmenos.
             Demolished by a deep elf blademaster (18 damage)
             ... on level 3 of the Elven Halls on June 25, 2015.
             The game lasted 05:23:07 (40567 turns).

ninjanymous the Slicer (Vampire Enchanter)         Turns: 40567, Time: 05:23:07

Health: -17/117    AC: 11    Str: 14    XL:     17   Next: 0%
Magic:  11/31      EV: 27    Int: 23    God:    Dithmenos [******]
Gold:   1303       SH: 12    Dex: 23    Spells: 6 memorised, 16 levels left

rFire  x . .     SeeInvis +     e - +4 arc blade {discharge, rElec}
rCold  + + +     Clarity  .     A - +2 robe {MR+}
rNeg   + + +     SustAt   .     S - +0 shield {reflect}
rPois  ∞         Gourm    .     K - +1 hat
rElec  +         Spirit   .     Y - +2 cloak
rCorr  .         Warding  +     E - +0 pair of gloves {Str+3}
rMut   .         Stasis   .     D - +1 pair of boots
MR     ++++.                    W - amulet of the Demon Prince {Ward rF- rN+ Str+4 Dex+7}
Stlth  ++++++++++               c - ring "Buduweapha" {Wiz *Drain rC+++ MR+ Str-3}
                                O - ring "Eklogesu" {MR+ Str+3}

@: about to teleport, very slightly contaminated, bloodless, non-regenerating,
hasted, wreathed by umbra, invisible, very quick, incredibly resistant to
hostile enchantments, uncannily stealthy
A: fangs 3, see invisible, sense surroundings 1, unbreathing
a: Bat Form, Shadow Step, Shadow Form, Renounce Religion
}: 1/15 runes: barnacled


You were on level 3 of the Elven Halls.
You worshipped Dithmenos.
Dithmenos was exalted by your worship.
You were bloodless.

You visited 6 branches of the dungeon, and saw 31 of its levels.
You also visited: Ossuary.

You collected 3413 gold pieces.
You spent 2110 gold pieces at shops.

Inventory:

Hand weapons
 e - the +4 arc blade (weapon) {discharge, rElec}
   (You acquired it on level 7 of the Lair of Beasts)

   It insulates you from electricity.
Armour
 A - a +2 robe of magic resistance (worn)
 D - a +1 pair of boots (worn)
 E - a +0 pair of gloves of strength (worn)
 K - a +1 hat (worn)
 S - a +0 shield of reflection (worn)
 Y - a +2 cloak (worn)
Jewellery
 c - the ring "Buduweapha" (right hand) {Wiz *Drain rC+++ MR+ Str-3}
   (You found it on level 2 of the Elven Halls)

   [ring of wizardry]

   It improves your spell success rate.
   It affects your strength (-3).
   It renders you almost immune to cold.
   It affects your resistance to hostile enchantments.
   It causes draining when unequipped.
 o - an uncursed ring of teleportation
 t - an uncursed ring of protection from cold
 w - an uncursed ring of protection from fire
 C - an uncursed ring of invisibility
 G - an uncursed ring of wizardry
 O - the ring "Eklogesu" (left hand) {MR+ Str+3}
   (You took it off a merfolk impaler on level 2 of the Shoals)

   [ring of protection from magic]

   It affects your strength (+3).
   It affects your resistance to hostile enchantments.
 W - the amulet of the Demon Prince (around neck) {Ward rF- rN+ Str+4 Dex+7}
   (You found it on level 10 of the Dungeon)

   [amulet of warding]

   It may prevent the melee attacks of summoned creatures.
   It affects your strength (+4).
   It affects your dexterity (+7).
   It makes you vulnerable to fire.
   It protects you from negative energy.
Magical devices
 a - a wand of frost (20)
 b - a wand of hasting (2)
 j - a wand of enslavement (22)
 k - a wand of hasting (3)
 z - a wand of cold (4)
 H - a wand of invisibility (1)
 N - a wand of lightning (3)
 P - a wand of slowing (20)
 Q - a wand of digging (11)
 T - a wand of draining (3)
 U - a wand of teleportation (1)
 Z - a wand of polymorph (13)
Scrolls
 g - 2 scrolls of brand weapon
 h - 6 scrolls of fear
 i - 3 scrolls of enchant armour
 m - 12 scrolls of remove curse
 p - 7 scrolls of recharging
 q - 5 scrolls of enchant weapon
 v - 16 scrolls of teleportation
 x - 5 scrolls of amnesia
 y - a scroll of blinking
 F - 3 scrolls of fog
 M - 2 scrolls of silence
 V - a scroll of identify
 X - 5 scrolls of magic mapping
Potions
 d - 15 potions of blood
 f - 14 potions of curing
 l - a potion of invisibility
 n - 3 potions of flight
 r - 5 potions of heal wounds
 s - a potion of resistance
 u - 2 potions of magic
 B - 4 potions of agility
 I - 6 potions of haste
 J - 3 potions of brilliance
 L - 2 potions of cancellation
 R - 2 potions of might


   Skills:
 - Level 6.2 Fighting
 * Level 14.9 Short Blades
 * Level 14.8 Dodging
 - Level 14.0 Stealth
 * Level 9.5 Shields
 + Level 10.5 Spellcasting
 - Level 12.9 Hexes
 * Level 8.7 Charms
 * Level 10.4 Invocations


You had 16 spell levels left.
You knew the following spells:

 Your Spells              Type           Power        Failure   Level  Hunger
a - Dazzling Spray        Conj/Hex       #####...     1%          3    None
b - Ensorcelled Hibernat  Hex/Ice        #####.       1%          2    None
c - Confuse               Hex            ######..     1%          3    None
d - Tukima's Dance        Hex            ######..     1%          3    None
e - Excruciating Wounds   Chrm/Necr      ####......   22%         5    ####...
f - Summon Mana Viper     Hex/Summ       #####...     9%          5    ####...


Dungeon Overview and Level Annotations

Branches:
Dungeon (11/15)            Temple (0/1) D:5            Lair (8/8) D:11
 Shoals (4/4) Lair:5       Spider (1/4) Lair:6        Slime (0/6) Lair:8
    Orc (4/4) D:10            Elf (3/3) Orc:4

Altars:
Ashenzari
Dithmenos
Fedhas
Nemelex Xobeh
Sif Muna
Xom
The Shining One
Jiyva

Shops:
D:8 [   Orc:1 =!?   Orc:4 =[*(   Elf:1 (%*   Elf:2 !

Portals:
Trove: D:10 (give +4 demon blade)

Annotations:
D:10 exclusion: orange crystal statue


Innate Abilities, Weirdness & Mutations

You do not heal naturally.
You are immune to poison.
You have razor-sharp teeth.
You have supernaturally acute eyesight.
You can survive without breathing.
You passively map a small area around you.


Message History

You feel devoid of blood!
The deep elf blademaster barely misses you.
The deep elf blademaster hits you!!
* * * LOW HITPOINT WARNING * * *
You emit a cloud of dark smoke.
Evoke which item? (* to show all) (? for menu, Esc to quit)
Zapping:
U - a wand of teleportation (will waste charges)
Press: ? - help, Shift-Dir - straight line, f - you
Okay, then.
Evoke which item? (* to show all) (? for menu, Esc to quit)
Zapping:
k - a wand of hasting (4)
Press: ? - help, Shift-Dir - straight line, f - you You feel yourself speed up.
This wand has 3 charges left.
The deep elf blademaster completely misses you. x2
Read which item? (? for menu, Esc to quit)
As you read the scroll of teleportation, it crumbles to dust.
You feel strangely unstable.
The deep elf blademaster barely misses you.
The deep elf blademaster hits you!!
You die...

........## #.......#.####.#
###.###.# #.......#.# #.#
###'###'## ##......#.# #.#
#....#...##### #''#####.# #.#
P.........'..####........####.##
..........'.....§..............#
.........##.####1##.####.####..#
#...^#..###'## #§##'####+## #..#
#''#.........###@#........# #..#
#..#.........##§e#........# #..#
###############§########### ####
#§# , ###(### ** , ##.....## * ,
, *###..)....### ,, ,
,*#)...)[.....# , #....(......#*
,


You could see a deep elf blademaster and a Shadow Fiend.

Vanquished Creatures
  2 krakens
  An octopode crusher (Shoals:1)
  The ghost of runewalsh the Severer, a mighty OpGl of Makhleb (Elf:1)
  Ilsuiw (Shoals:4)
  Donald (Orc:3)
  Maud (D:11)
  2 deep elf sorcerers
  Aizul (Shoals:4)
  A deep elf annihilator (Elf:2)
  The ghost of twigmaester the Imperceptible, a powerful SpEn of Okawaru (Shoals:2)
  A deep elf demonologist (Elf:3)
  2 merfolk javelineers (Shoals:4)
  A vault guard (D:10)
  4 merfolk impalers
  7 hydras
  A catoblepas (Lair:8)
  3 alligator snapping turtles
  2 merfolk avatars
  Erica (D:11)
  3 merfolk aquamancers (Shoals:4)
  A deep troll shaman (Lair:8)
  3 satyrs
  8 death yaks
  16 dancing weapons
  An orc high priest (Orc:4)
  Urug (Lair:2)
  Sonja (Orc:4)
  18 deep elf knights
  4 sea snakes
  14 deep elf summoners
  An orb spider (Spider:1)
  7 deep elf conjurers
  4 fauns
  2 orc knights
  8 harpies
  A wolf spider (Spider:1)
  11 manticores
  7 griffons
  5 black mambas
  2 ugly things (D:11)
  8 sirens
  2 cyclopes (D:11)
  9 elephants
  Maurice (D:11)
  4 water nymphs
  Joseph (D:8)
  A centaur skeleton (D:11)
  11 spiny frogs
  6 komodo dragons
  4 fire drakes
  16 merfolk
  5 trolls
  8 deep elf priests
  2 polar bears
  A two-headed ogre (D:10)
  9 blink frogs
  4 wind drakes
  A boulder beetle (Lair:5)
  2 tarantellas (Spider:1)
  5 snapping turtles
  3 redbacks
  A spriggan (shapeshifter) (Elf:2)
  11 hippogriffs
  6 water elementals
  41 yaks
  2 hungry ghosts
  15 wolves
  18 deep elf magi
  3 basilisks
  2 wargs
  18 deep elf fighters
  11 porcupines
  A soldier ant (D:11)
  Duvessa (D:7)
  12 orc warriors
  13 water moccasins
  2 ice beasts
  2 phantoms
  2 spiders (Lair:6)
  4 ogres
  2 sky beasts
  3 black bears
  7 centaurs
  10 crocodiles
  13 giant frogs
  A brain worm (shapeshifter) (Elf:1)
  A brain worm (Lair:4)
  Dowan (D:7)
  A wyvern skeleton (D:8)
  10 scorpions
  A water moccasin skeleton (D:11)
  7 killer bees
  2 crimson imps
  8 wights
  4 electric eels
  A vampire bat (Orc:4)
  3 centaur zombies (Ossuary)
  6 hounds
  12 orc priests
  10 orc wizards
  A giant frog skeleton (D:5)
  3 human zombies (Ossuary)
  Ijyb (D:2)
  5 jellies
  9 iguanas
  7 worker ants
  2 big kobold zombies (Ossuary)
  15 sheep
  A hound zombie (D:5)
  3 mummies (Ossuary)
  A hound skeleton (D:4)
  A worker ant zombie (D:11)
  73 river rats
  5 scorpion zombies (Ossuary)
  3 shadow imps
  16 adders
  2 giant eyeballs (Elf:2)
  5 oozes
  An adder skeleton (D:8)
  3 worms
  87 orcs
  3 bat skeletons
  5 giant cockroaches
  2 gnoll zombies (Ossuary)
  8 hobgoblins
  9 jackals
  2 quokkas (D:7)
  3 ball pythons (D:2)
  22 bats
  A giant cockroach zombie (D:5)
  9 giant geckos
  6 giant newts
  15 goblins
  A goblin zombie (Ossuary)
  A hobgoblin zombie (Ossuary)
  13 kobolds
  2 kobold zombies (Ossuary)
  20 rats
  A butterfly (Lair:5)
  3 plants (Shoals:4)
893 creatures vanquished.

Vanquished Creatures (collateral kills)
  A deep elf demonologist (Elf:3)
  2 merfolk javelineers (Shoals:4)
  5 merfolk impalers
  A deep elf high priest (Elf:3)
  Harold (Lair:3)
  2 deep elf knights (Elf:2)
  4 orc high priests (Orc:4)
  A deep elf summoner (Elf:2)
  4 orc knights (Orc:4)
  2 deep elf conjurers (Elf:2)
  3 fauns
  2 orc sorcerers
  4 sirens
  5 deep elf priests (Elf:2)
  14 merfolk
  A snapping turtle (Shoals:4)
  9 deep elf fighters
  5 deep elf magi
  23 orc warriors
  8 ogres
  4 wights
  A killer bee (D:11)
  31 orc priests
  13 orc wizards
  An adder (D:3)
  100 orcs
  2 goblins
  2 hobgoblins
  A kobold (D:4)
  A plant (Shoals:4)
253 creatures vanquished.

Vanquished Creatures (others)
  30 dancing weapons
  A deep elf conjurer (Elf:2)
  3 orcs
  An orc zombie (Ossuary)
  4 fungi
  11 plants
  12 tentacles
  192 tentacle segments
254 creatures vanquished.

Grand Total: 1400 creatures vanquished

Notes
Turn   | Place    | Note
--------------------------------------------------------------
     0 | D:1      | ninjanymous the Vampire Enchanter began the quest for the Orb.
     0 | D:1      | Reached XP level 1. HP: 13/13 MP: 3/3
   146 | D:1      | Reached XP level 2. HP: 14/19 MP: 1/5
   442 | D:1      | Learned a level 2 spell: Ensorcelled Hibernation
   474 | D:1      | Reached skill level 5 in Stealth
  1047 | D:1      | Reached XP level 3. HP: 21/24 MP: 6/6
  1345 | D:2      | Learned a level 3 spell: Confuse
  1346 | D:2      | Noticed Ijyb
  1378 | D:2      | Killed Ijyb
  1383 | D:2      | Reached XP level 4. HP: 18/30 MP: 7/7
  1593 | D:2      | Reached skill level 5 in Hexes
  2098 | D:3      | Reached XP level 5. HP: 19/36 MP: 6/8
  2269 | D:3      | Found a shattered altar of Ashenzari.
  2365 | D:3      | Learned a level 3 spell: Tukima's Dance
  2369 | D:3      | Reached skill level 6 in Stealth
  2936 | D:4      | Reached skill level 1 in Fighting
  2971 | D:4      | Reached XP level 6. HP: 30/43 MP: 2/9
  3125 | D:3      | Reached skill level 7 in Dodging
  3125 | D:3      | Reached skill level 10 in Stealth
  3125 | D:3      | Reached skill level 10 in Hexes
  3125 | D:3      | Reached XP level 7. HP: 47/52 MP: 9/13
  3130 | D:3      | Learned a level 3 spell: Dazzling Spray
  4077 | D:5      | Entered Level 5 of the Dungeon
  4260 | D:5      | Reached skill level 11 in Stealth
  4437 | D:5      | Found a staircase to the Ecumenical Temple.
  4511 | D:5      | Reached XP level 8. HP: 60/60 MP: 14/14
  4742 | D:5      | Found a shadowy altar of Dithmenos.
  4752 | D:5      | Became a worshipper of Dithmenos the Shadowed
  5324 | D:6      | Got a scorched scale mail
  5335 | D:6      | Identified the +5 scale mail of Patience {rN+ Int+3} (You found it on level 6 of the Dungeon)
  5784 | D:7      | Found a blossoming altar of Fedhas.
  5906 | D:7      | Reached XP level 9. HP: 65/65 MP: 5/16
  6164 | D:7      | Noticed Dowan
  6165 | D:7      | Noticed Duvessa
  6176 | D:7      | Killed Duvessa
  6190 | D:7      | Killed Dowan
  6400 | D:7      | Acquired Dithmenos's first power
  6526 | D:7      | Found a glowing golden altar of the Shining One.
  6702 | D:7      | Found a sparkling altar of Nemelex Xobeh.
  7072 | D:8      | Noticed Joseph
  7087 | D:8      | Killed Joseph
  7087 | D:8      | Reached skill level 5 in Spellcasting
  7143 | D:8      | Found a sand-covered staircase.
  7147 | Ossuary  | Entered an ossuary
  7571 | Ossuary  | Reached skill level 12 in Stealth
  8002 | D:8      | Acquired Dithmenos's second power
  8144 | D:8      | Found Zamoutri's Antique Armour Shoppe.
  8170 | D:8      | Bought a pair of transparent gloves for 247 gold pieces
  8180 | D:8      | Identified the +3 pair of gloves "Pocruv" {Str+9 Int-3} (You bought it in a shop on level 8 of the Dungeon)
  8316 | D:8      | Reached XP level 10. HP: 73/73 MP: 17/17
  8640 | D:8      | Found a shattered altar of Ashenzari.
  8640 | D:8      | Found a shimmering altar of Xom.
  9139 | D:9      | Found a deep blue altar of Sif Muna.
  9315 | D:10     | Entered Level 10 of the Dungeon
  9444 | D:10     | Found a staircase to the Orcish Mines.
  9456 | D:10     | Noticed an orc knight
  9551 | D:10     | Killed an orc knight
  9708 | D:10     | Noticed a vault guard
  9711 | D:10     | Killed a vault guard
  9714 | D:10     | Found a portal to a secret trove of treasure.
 10648 | D:10     | Got an ancient ruby amulet
 10684 | D:10     | Identified a +2 rod of destruction (14/14) (You found it on level 10 of the Dungeon)
 10689 | D:10     | Identified the amulet of the Demon Prince {Ward rF- rN+ Str+4 Dex+7} (You found it on level 10 of the Dungeon)
 10778 | D:11     | Noticed Erica
 10782 | D:11     | Killed Erica
 10782 | D:11     | Reached skill level 5 in Fighting
 10782 | D:11     | Reached XP level 11. HP: 77/79 MP: 19/19
 10810 | D:11     | Noticed Maurice
 10817 | D:11     | Killed Maurice
 10817 | D:11     | Reached skill level 13 in Stealth
 10854 | D:11     | Noticed a manticore
 10896 | D:11     | Killed a manticore
 10949 | D:11     | Noticed a cyclops
 10970 | D:11     | Killed a cyclops
 11021 | D:11     | Acquired Dithmenos's third power
 11235 | D:11     | Noticed a cyclops
 11242 | D:11     | Killed a cyclops
 11258 | D:11     | Noticed Maud
 11276 | D:11     | Killed Maud
 11523 | D:11     | Noticed a purple ugly thing
 11567 | D:11     | Killed a purple ugly thing
 11721 | D:11     | Noticed a cyan ugly thing
 11730 | D:11     | Killed a cyan ugly thing
 11730 | D:11     | Reached skill level 14 in Stealth
 11750 | D:11     | Reached skill level 10 in Dodging
 11806 | D:11     | Found a staircase to the Lair.
 11812 | D:11     | Noticed a six-headed hydra
 11819 | D:11     | Killed a six-headed hydra
 12044 | Orc:1    | Entered Level 1 of the Orcish Mines
 12185 | Orc:1    | Found Misk's Distillery.
 12244 | Orc:1    | Found Hofit's Jewellery Boutique.
 12477 | Orc:1    | Acquired Dithmenos's fourth power
 13327 | Orc:4    | Entered Level 4 of the Orcish Mines
 13328 | Orc:4    | Noticed Donald
 13983 | Orc:3    | Killed Donald
 13983 | Orc:3    | Reached skill level 10 in Short Blades
 13983 | Orc:3    | Reached skill level 1 in Invocations
 13983 | Orc:3    | Reached XP level 12. HP: 69/87 MP: 6/21
 14196 | Orc:4    | Found a staircase to the Elven Halls.
 14210 | Orc:4    | Noticed Sonja
 14222 | Orc:4    | Killed Sonja
 14993 | Orc:4    | Noticed an orc high priest
 14997 | Orc:4    | Killed an orc high priest
 14997 | Orc:4    | Reached skill level 1 in Shields
 15000 | Orc:4    | Noticed an orc high priest
 15000 | Orc:4    | Noticed an orc high priest
 15198 | Orc:4    | Killed an orc high priest
 16073 | Orc:4    | Killed an orc high priest
 16274 | Orc:4    | Noticed an orc high priest
 16280 | Orc:4    | Noticed an orc high priest
 16283 | Orc:4    | Killed an orc high priest
 16292 | Orc:4    | Killed an orc high priest
 16541 | Orc:4    | Found Gaetwodu's General Store.
 16541 | Orc:4    | Found Moinodgh's Weapon Boutique.
 16542 | Orc:4    | Found Jupiar's Armour Shop.
 16542 | Orc:4    | Found Wemmass's Jewellery Boutique.
 17618 | Orc:1    | Found Myzarphae's Magic Scroll Shoppe.
 17738 | Orc:1    | Bought a scroll of fear for 49 gold pieces
 17738 | Orc:1    | Bought a scroll of magic mapping for 49 gold pieces
 17738 | Orc:1    | Bought a scroll of brand weapon for 280 gold pieces
 17738 | Orc:1    | Bought a scroll of silence for 105 gold pieces
 17982 | Orc:1    | You fall through a shaft!
 19051 | Lair:1   | Entered Level 1 of the Lair of Beasts
 19794 | Lair:1   | Noticed an eight-headed hydra
 19805 | Lair:1   | Killed an eight-headed hydra
 19900 | Lair:1   | Noticed an eight-headed hydra
 19910 | Lair:1   | Killed an eight-headed hydra
 19910 | Lair:1   | Reached XP level 13. HP: 70/93 MP: 15/24
 20919 | Lair:2   | Noticed Urug
 20923 | Lair:2   | Killed Urug
 21004 | Lair:2   | Reached skill level 5 in Invocations
 21190 | Lair:2   | Gained mutation: Your spells are a little easier to cast, but a little less powerful. [potion of mutation]
 21190 | Lair:2   | Gained mutation: Your system is resistant to poisons. [potion of mutation]
 21190 | Lair:2   | Lost mutation: Your system is resistant to poisons. [potion of mutation]
 21191 | Lair:2   | Lost mutation: Your spells are a little easier to cast, but a little less powerful. [potion of cure mutation]
 21458 | Orc:1    | Bought a potion of beneficial mutation for 420 gold pieces
 21458 | Orc:1    | Gained mutation: You are partially covered in iridescent scales (AC +4). [potion of beneficial mutation]
 21937 | Lair:3   | Noticed Harold
 21948 | Lair:3   | Killed Harold
 23167 | Lair:4   | Got a dazzling leather armour
 23224 | Lair:4   | Identified the cursed +0 leather armour "Ulossett" {rElec rF+ Str+4} (You found it on level 4 of the Lair of Beasts)
 23783 | Lair:4   | Reached skill level 5 in Shields
 23935 | Lair:5   | Found a staircase to the Shoals.
 26075 | Lair:6   | Found a hole to the Spider Nest.
 26087 | Lair:6   | Reached XP level 14. HP: 100/100 MP: 19/26
 27600 | Lair:8   | Entered Level 8 of the Lair of Beasts
 27625 | Lair:8   | Found a frozen archway.
 27846 | Lair:7   | Identified 2 scrolls of acquirement
 27984 | Lair:8   | Learned a level 5 spell: Excruciating Wounds
 28029 | Lair:8   | Got an ichor-stained buckler
 28040 | Lair:8   | Identified the -4 buckler of Xoej {rC- rN+ Str+3} (You acquired it on level 8 of the Lair of Beasts)
 28256 | Lair:8   | Found a viscous altar of Jiyva.
 28256 | Lair:8   | Found a staircase to the Slime Pits.
 28551 | Lair:8   | Reached skill level 1 in Charms
 28823 | Shoals:1 | Entered Level 1 of the Shoals
 28885 | Shoals:1 | Noticed an octopode crusher
 28966 | Shoals:1 | Killed an octopode crusher
 30063 | Shoals:2 | Noticed twigmaester's ghost (powerful SpEn)
 30099 | Shoals:2 | Killed twigmaester's ghost
 30195 | Shoals:2 | Reached XP level 15. HP: 71/105 MP: 11/28
 30374 | Shoals:2 | Got a heavily runed granite ring
 30377 | Shoals:2 | Identified the ring "Eklogesu" {MR+ Str+3} (You took it off a merfolk impaler on level 2 of the Shoals)
 30619 | Shoals:2 | Learned a level 5 spell: Summon Mana Viper
 31440 | Shoals:4 | Entered Level 4 of the Shoals
 31440 | Shoals:4 | Noticed Aizul
 31442 | Shoals:4 | Killed Aizul
 31442 | Shoals:4 | Reached skill level 5 in Charms
 31983 | Shoals:4 | Noticed Ilsuiw
 31999 | Shoals:4 | Noticed a kraken
 32945 | Shoals:4 | Killed a kraken
 32949 | Shoals:4 | Got a barnacled rune of Zot
 34111 | Shoals:4 | Killed Ilsuiw
 34111 | Shoals:4 | Reached skill level 10 in Spellcasting
 34310 | Shoals:2 | Noticed a kraken
 34372 | Shoals:2 | Killed a kraken
 34562 | Spider:1 | Entered Level 1 of the Spider Nest
 34985 | Spider:1 | Reached XP level 16. HP: 112/112 MP: 30/30
 35334 | Elf:1    | Entered Level 1 of the Elven Halls
 36022 | Elf:1    | Identified Fates's Disquisition on Companions (You found it on level 1 of the Elven Halls)
 36075 | Elf:1    | Found Fosopryc's Food Boutique.
 36143 | Elf:1    | Noticed runewalsh's ghost (mighty OpGl)
 36164 | Elf:1    | Killed runewalsh's ghost
 36302 | Elf:1    | Found Sanyompo's General Store.
 36357 | Elf:1    | Found Beneeh's Weapon Shoppe.
 36785 | Elf:1    | Upgraded the game from 0.17-a0-1420-geb41feb to 0.17-a0-1430-g49fde19
 37024 | Elf:2    | Reached skill level 10 in Invocations
 37256 | Elf:2    | Found a runed gate.
 37257 | Elf:2    | Found a runed gate.
 37258 | Elf:2    | Found a runed gate.
 38380 | Elf:2    | Was placed under penance by Dithmenos
 38408 | Elf:2    | Was forgiven by Dithmenos
 38414 | Elf:2    | Paralysed by a giant eyeball for 4 turns
 38580 | Elf:2    | Got a vibrating jade ring
 38582 | Elf:2    | Identified the ring "Buduweapha" {Wiz *Drain rC+++ MR+ Str-3} (You found it on level 2 of the Elven Halls)
 38947 | Elf:2    | Found Vejer's Distillery.
 38952 | Elf:2    | Bought a potion of beneficial mutation for 420 gold pieces
 38952 | Elf:2    | Bought a potion of resistance for 120 gold pieces
 38956 | Elf:2    | Lost mutation: You are partially covered in iridescent scales (AC +4). [potion of cure mutation]
 39271 | Lair:5   | Gained mutation: You are weak. (Str -2) [potion of mutation]
 39271 | Lair:5   | Gained mutation: You are clumsy. (Dex -2) [potion of mutation]
 39341 | Lair:8   | Gained mutation: You are dopey. (Int -2) [potion of mutation]
 39341 | Lair:8   | Gained mutation: Potions and wands are less effective at restoring your health. [potion of mutation]
 39694 | Elf:2    | Bought a potion of cure mutation for 420 gold pieces
 39694 | Elf:2    | Lost mutation: You are clumsy. (Dex -2) [potion of cure mutation]
 39694 | Elf:2    | Lost mutation: Potions and wands are less effective at restoring your health. [potion of cure mutation]
 39694 | Elf:2    | Lost mutation: You are weak. (Str -2) [potion of cure mutation]
 39694 | Elf:2    | Lost mutation: You are dopey. (Int -2) [potion of cure mutation]
 39695 | Elf:2    | Gained mutation: You passively map a small area around you. [potion of beneficial mutation]
 39803 | Elf:3    | Entered Level 3 of the Elven Halls
 40086 | Elf:3    | Noticed a Shadow Fiend
 40095 | Elf:3    | Noticed a Shadow Fiend
 40107 | Elf:3    | Noticed a Shadow Fiend
 40544 | Elf:3    | Noticed a deep elf blademaster
 40550 | Elf:3    | Reached XP level 17. HP: 117/117 MP: 19/31
 40565 | Elf:3    | HP: 1/117 [deep elf blademaster (20)]
 40567 | Elf:3    | Demolished by a deep elf blademaster

Vault maps used:
D:1:      sevenhm_arrival_forest_fort_large_2
D:2:      uniq_iyjb
D:3:      cheibrodos_ashenzari_chains
D:4:      first_bread
D:5:      minmay_temple_entry_from_below_a, minivault_11,
          nicolae_dithmenos_through_a_glass_darkly
D:7:      tso_oasis_becter, lemuel_crystal_altar, lemuel_coloured_pillars_altar,
          grunt_ogre_cave, serial_bayou_pond_a, kennysheep_generic_room_9,
          uniq_duvessa
D:8:      gammafunk_temple_overflow_elements, serial_shops, shop,
          nicolae_ossuary_entry_false_entrances, nrook_mini_vaults, uniq_joseph
D:9:      led_sif_pool
D:10:     statuecave_lemuel, enter_trove_5, uniq_snorg
D:11:     lair_0_dummy, dk_vineyard_1, uniq_erica, uniq_maud, uniq_maurice
Lair:1:   serial_bayou_ford_a, grunt_megastairs_4
Lair:2:   serial_bayou, serial_bayou_lagoon_b, serial_bayou_pond_b,
          serial_bayou_pond_b, serial_bayou_pond_c, serial_bayou_pond_e,
          uniq_urug
Lair:3:   uniq_harold
Lair:4:   wad_woods_road_03, grunt_forest_small_clearing_treed
Lair:5:   minmay_shoals_entry_beasts, grunt_megastairs_3, lemuel_fruit_fields,
          lemuel_fruit_fields
Lair:6:   spider_nest_entry_funnel_web
Lair:8:   grunt_lair_end_beastmaster, dpeg_slime_entry_enclosed_altar,
          portal_ice_cave_entry_pillars_02, st_stairs_8,
          infiniplex_staircase_pool_2, serial_bayou_shore_b
Shoals:1: hangedman_shoal_octodias
Shoals:4: shoals_end_hangedman, shoal_ilsuiw, uniq_aizul
Spider:1: minivault_29, uniq_roxanne
Orc:1:    serial_shops, shop_fountains, nicolae_shop_behind_doors,
          nicolae_shop_waterfront
Orc:3:    nicolae_orc_pool_cavern
Orc:4:    st_orc_pillars, lab_entry_generic, roderic_batcave, uniq_donald,
          uniq_sonja
Elf:1:    serial_shops, shop, shop, shop_statue, minmay_elf_demonology,
          amethyst_killhole, nicolae_elf_glass_and_crystal_pillar_2,
          evilmike_ambush
Elf:2:    serial_shops, nicolae_shop_crystal, onia_ninara_cookie
Elf:3:    minmay_elf_hall_hex
Ossuary:  ossuary_minmay_scorpions

Action                   |  1- 3 |  4- 6 |  7- 9 | 10-12 | 13-15 | 16-18 || total
-------------------------+-------+-------+-------+-------+-------+-------++-------
Melee: Dagger            |    31 |       |   315 |   587 |   397 |       ||  1330
       Short sword       |    57 |   118 |     2 |       |       |       ||   177
       Rapier            |       |       |       |       |   454 |   288 ||   742
 Cast: Corona            |     3 |       |       |       |       |       ||     3
       Ensorcelled Hiber |     2 |     4 |     9 |    30 |    11 |       ||    56
       Confuse           |     1 |     8 |    33 |   137 |   229 |    56 ||   464
       Tukima's Dance    |       |     8 |    18 |   163 |    73 |    56 ||   318
       Dazzling Spray    |       |       |     7 |       |    46 |    25 ||    78
       Summon Mana Viper |       |       |       |       |       |     1 ||     1
Invok: Shadow Form       |       |       |       |       |     1 |       ||     1
 Abil: End Transformatio |       |       |       |     6 |     6 |       ||    12
       Bat Form          |       |       |       |     6 |     6 |       ||    12
Evoke: Wand              |       |       |       |     1 |     5 |     8 ||    14
  Use: Scroll            |     4 |     6 |     3 |    10 |    17 |     3 ||    43
       Potion            |       |     9 |     5 |    13 |    22 |    11 ||    60
 Stab: Sleeping          |     9 |    10 |    56 |    87 |   102 |    35 ||   299
       Confused          |     1 |     3 |    14 |    54 |    92 |    12 ||   176
       Distracted        |       |       |     2 |     7 |     9 |     3 ||    21
       Invisible         |       |       |     1 |       |    23 |    13 ||    37
